 Dungeon Sprint DCSS version 0.30.1-11-g7821555f0a (webtiles) character file.

Game seed: 9223320621844123069

1835 Groucho the Eclecticist (level 9, -11/63 HPs)
             Began as a Djinni Earth Elementalist on Dec 17, 2023.
             Was a Believer of Dithmenos.
             Shot with an arrow by a centaur warrior (19 damage)
             ... in the Dungeon (Sprint III: "The Ten Rune Challenge").
             The game lasted 00:06:35 (2119 turns).

Groucho the Eclecticist (Djinni Earth Elementalist) Turns: 2119, Time: 00:06:35

Health: -11/63     AC:  2    Str:  7    XL:     9   Next: 33%
Gold:   32         EV: 12    Int: 22    God:    Dithmenos [**....] SH:  0 Dex: 13

rFire   + + .        m - +2 long sword (holy)
rCold   x . .        (no shield)
rNeg    . . .        a - +0 robe
rPois   ∞            (no helmet)
rElec   .            (no cloak)
rCorr   .            (no gloves)
SInv    .            (boots unavailable)
Will    .....        (no amulet)
Stlth   ++           (no ring)
HPRegen 0.30/turn    (no ring)
MPRegen 0.00/turn

%: no teleportation, infuse magic (-12 HP)
@: flying, wreathed by umbra
A: sickness immunity, fire resistance 2, cold vulnerability 1, float, innate
caster, HP casting, extra vitality 1
a: Renounce Religion, Shadow Step


You were in the Dungeon.
You worshipped Dithmenos.
Dithmenos was pleased with you.
You visited 1 branch You collected 32 gold pieces.

Inventory:

Hand Weapons
 f - a +2 dagger of holy wrath
 m - a +2 long sword of holy wrath (weapon)
 o - a +1 scimitar of flaming
Armour
 a - a +0 robe (worn)
Wands
 k - a wand of acid (5)
Scrolls
 b - a scroll of torment {unknown}
 g - 2 scrolls of identify {unknown}
 i - a scroll of immolation {unknown}
 j - a scroll of enchant armour {unknown}
Potions
 c - a potion of resistance {unknown}
 d - a potion of haste
 e - a potion of berserk rage
 h - 4 potions of mutation
Miscellaneous
 n - a lightning rod (4/4)


   Skills:
 + Level 4.6 Fighting
 - Level 2.1 Dodging
 - Level 1.5 Stealth
 - Level 15.0 Spellcasting


You knew the following spells:

 Your Spells              Type           Power      Damage    Failure   Level
a - Sandblast             Erth           100%       2d20      0%          1
b - Passwall              Tmut/Erth      58%        N/A       0%          2
c - Stone Arrow           Conj/Erth      100%       3d13      1%          3
d - Petrify               Tmut/Erth      70%        N/A       1%          4
e - Magic Dart            Conj           100%       1d8       0%          1
f - Poisonous Vapours     Pois/Air       100%       N/A       0%          2
g - Confusing Touch       Hex            70%        N/A       1%          3
h - Tukima's Dance        Hex            70%        N/A       1%          3
Your spell library was empty.

Dungeon Overview and Level Annotations

Branches:
Dungeon (1/1)

Altars:
Cheibriados
Dithmenos
Elyvilon
Fedhas
Gozag
Hepliaklqana
Makhleb
Nemelex Xobeh
Okawaru
Qazlal
Ru
Trog
Uskayaw
Wu Jian
Xom
Yredelemnul
Zin
The Shining One
Jiyva
Lugonu


Innate Abilities, Weirdness & Mutations

You are immune to sickness and miasma.
You are immune to poison.
Your flesh is very heat resistant. (rF++)
You are vulnerable to cold. (rC-)
You float through the air rather than walking.
You learn spells naturally, not from books.
Your magical power is your life essence.
You have superior vitality. (+4 MHP)


Message History

Poisonous vapours surround the centaur!
The centaur is poisoned.
The centaur wields a +0 shortbow.
The centaur shoots an arrow.
The arrow misses you.
The centaur warrior wields a +0 shortbow.
The centaur warrior shoots an arrow.
The arrow hits you!
Unknown command.
Aiming: Sandblast (safe; 0% risk of failure)
Press: ? - help, Q - select action, (/) - cycle Shift-Dir - straight line, f - centaur, p - centaur
Aim: a centaur (91% to hit)
The blast of sand hits the centaur warrior but does no damage.
The centaur warrior is lightly wounded.
The centaur shoots an arrow.
The arrow misses you.
The centaur warrior shoots an arrow.
The arrow hits you!
The centaur shoots an arrow.
The arrow hits you!
The centaur warrior shoots an arrow.
The arrow hits you!
* * * LOW HITPOINT WARNING * * *
Unknown command.
Unknown command.
Unknown command.
You feel much better.
Unknown command.
Unknown command.
Casting: Sandblast (safe; 0% risk of failure)
Confirm with . or Enter, or press ? or * to list all spells.
Aiming: Stone Arrow (safe; 1% risk of failure)
Press: ? - help, Shift-Dir - straight line, f/p - centaur
Aim: a centaur (umbra, 87% to hit)
The stone arrow misses the centaur warrior.
The stone arrow misses the centaur.
Unknown command.
Unknown command.
Unknown command.
The centaur warrior attacks as you move away!
The centaur warrior unwields a +0 shortbow.
The centaur warrior hits you. The centaur warrior kicks you.
The centaur warrior wields a +0 shortbow.
The centaur warrior shoots an arrow.
The arrow hits you!
* * * LOW HITPOINT WARNING * * *
The centaur warrior shoots an arrow.
The arrow hits you!!
You die...

#__.#._# #'###)##
..)....# ..[....#
######'#
#__#...#+#############
#__#...#..~~~'.#.c.c.+
#__#...#.#[~§#.#.#.c.#
#__#...'.#§§§#.#@#...#
#__'...#.#...#...#...#
▓▓▓▓▓▓▓▓▓▓▓▓▓▓▓▓▓▓▓▓▓#


You could see a centaur warrior (very poisoned).

Vanquished Creatures
  Erica (D)
  A deep elf pyromancer (D)
  A shadow (D)
  A spatial vortex (D)
  An earth elemental (D)
  A necrophage (D)
  A water elemental (D)
  A jelly (D)
  A wizard (D)
  A necromancer (D)
  3 humans (D)
  A kobold demonologist (D)
  A wolf (D)
  4 rats (D)
19 creatures vanquished.

Notes
Turn   | Place    | Note
-------+----------+-------------------------------------------
     0 | D        | Groucho the Djinni Earth Elementalist began the quest for
                  | the Orb.
     0 | D        | Groucho set off with the following spells memorised:
                  | Sandblast, Passwall, Stone Arrow, Petrify.
     0 | D        | Reached XP level 1. HP: 15/15 MP: 0/0
    12 | D        | Reached skill level 3 in Spellcasting
    48 | D        | Noticed a wolf
    51 | D        | Killed a wolf
    52 | D        | Reached skill level 4 in Spellcasting
    52 | D        | Reached XP level 2. HP: 19/21 MP: 0/0
    64 | D        | Reached skill level 5 in Spellcasting
    64 | D        | Reached XP level 3. HP: 10/25 MP: 0/0
    64 | D        | Learned a level 1 spell: Magic Dart
   585 | D        | Noticed a water elemental
   593 | D        | Killed a water elemental
   594 | D        | Reached skill level 7 in Spellcasting
   594 | D        | Reached XP level 4. HP: 21/31 MP: 0/0
   880 | D        | Noticed a wizard
   882 | D        | Killed a wizard
   883 | D        | Reached XP level 5. HP: 28/35 MP: 0/0
   883 | D        | Learned a level 2 spell: Poisonous Vapours
   885 | D        | Reached skill level 8 in Spellcasting
  1101 | D        | Found a shadowy altar of Dithmenos.
  1104 | D        | Reached skill level 9 in Spellcasting
  1104 | D        | Reached XP level 6. HP: 34/40 MP: 0/0
  1105 | D        | Found a basalt altar of Yredelemnul.
  1105 | D        | Found a sacrificial altar of Ru.
  1109 | D        | Became a worshipper of Dithmenos the Shadowed
  1261 | D        | Found a hide-covered altar of Uskayaw.
  1261 | D        | Found an iron altar of Okawaru.
  1262 | D        | Found a bloodstained altar of Trog.
  1262 | D        | Found an ornate altar of the Wu Jian Council.
  1262 | D        | Noticed a human
  1262 | D        | Noticed a human
  1269 | D        | Killed a human
  1270 | D        | Reached skill level 10 in Spellcasting
  1271 | D        | Killed a human
  1272 | D        | Reached skill level 11 in Spellcasting
  1272 | D        | Reached XP level 7. HP: 11/45 MP: 0/0
  1272 | D        | Learned a level 3 spell: Confusing Touch
  1487 | D        | Found a glowing silver altar of Zin.
  1488 | D        | Found a glowing golden altar of the Shining One.
  1488 | D        | Found a white marble altar of Elyvilon.
  1489 | D        | Noticed a deep elf pyromancer
  1493 | D        | Killed a deep elf pyromancer
  1493 | D        | Reached * piety under Dithmenos
  1494 | D        | Reached skill level 13 in Spellcasting
  1494 | D        | Reached XP level 8. HP: 34/50 MP: 0/0
  1701 | D        | Noticed a shadow
  1706 | D        | Killed a shadow
  1716 | D        | Found a blossoming altar of Fedhas.
  1716 | D        | Found a stormy altar of Qazlal.
  1717 | D        | Found a snail-covered altar of Cheibriados.
  1717 | D        | Found a burning altar of Makhleb.
  1717 | D        | Found a shimmering altar of Xom.
  1718 | D        | Found a hazy altar of Hepliaklqana.
  1718 | D        | Found an opulent altar of Gozag.
  1718 | D        | Found a sparkling altar of Nemelex Xobeh.
  1718 | D        | Found a corrupted altar of Lugonu.
  1718 | D        | Found a viscous altar of Jiyva.
  1721 | D        | Reached ** piety under Dithmenos
  1722 | D        | Reached skill level 14 in Spellcasting
  1954 | D        | Noticed Erica
  1957 | D        | Killed Erica
  1958 | D        | Reached skill level 15 in Spellcasting
  1958 | D        | Reached XP level 9. HP: 52/62 MP: 0/0
  1958 | D        | Learned a level 3 spell: Tukima's Dance
  2112 | D        | Noticed a centaur warrior
  2119 | D        | Shot with an arrow by a centaur warrior

Illustrated notes

Levels and vault maps discovered:
D:        dungeon_sprint_mu [sprint_mu_entry_cave, sprint_mu_temple_rooms,
          sprint_mu_d1_horrors, sprint_mu_d2_genie, sprint_mu_d3_branching,
          sprint_mu_orc_legion, sprint_mu_elf_gauntlet, sprint_mu_hive_nellie,
          sprint_mu_lair_fedhas, sprint_mu_vaults_butterflies,
          sprint_mu_slime_circle, sprint_mu_swamp_cave, sprint_mu_shoals_kraken,
          sprint_mu_blade_basic, sprint_mu_crypt_lich, sprint_mu_tomb_spiral,
          sprint_mu_vestibule_basic, sprint_mu_gehenna_hellfire,
          sprint_mu_dis_giant, sprint_mu_tartarus_statrot,
          sprint_mu_cocytus_islands, sprint_mu_zot1]

Skill      XL: |  1  2  3  4  5  6  7  8  9 |
---------------+----------------------------+-----
Spellcasting   | 4 5 7 9 11 13 15 | 15.0
Fighting       | 3 4 |  4.6
Dodging        | |  2.1
Stealth        | |  1.5

Action                     |  1- 3 |  4- 6 |  7- 9 || total
---------------------------+-------+-------+-------++-------
   Cast: Sandblast         |    14 |       |     1 ||    15
         Stone Arrow       |     3 |    14 |    17 ||    34
         Poisonous Vapours |       |       |     2 ||     2
    Use: Potion            |     2 |       |     1 ||     3
         Scroll            |     1 |       |       ||     1
 Armour: Robe              |     2 |     1 |       ||     3
  Dodge: Dodged            |     3 |     5 |     2 ||    10
